 Dungeon Crawl Stone Soup version 0.31-a0-152-g6aa68a64a1 (webtiles) character file.

Game seed: 9441145807782814427

2711 qw the Skirmisher (level 9, -3/79 HPs)
             Began as a Minotaur Hunter on June 10, 2023.
             Was an Initiate of Okawaru.
             Slain by a yak (12 damage)
             ... on level 8 of the Dungeon.
             The game lasted 00:02:19 (6738 turns).

qw the Skirmisher (Minotaur Hunter)                 Turns: 6738, Time: 00:02:19

Health: -3/79      AC:  8    Str: 21    XL:     9   Next: 39%
Magic:  8/8        EV: 14    Int:  6    God:    Okawaru [......]
Gold:   239        SH:  5    Dex: 19    Spells: 8/8 levels left

rFire   . . .        d - +2 shortbow (heavy)
rCold   . . .        (shield currently unavailable)
rNeg    . . .        k - +0 ring mail
rPois   .            (helmet restricted)
rElec   .            c - +0 cloak
rCorr   .            o - +1 pair of gloves
SInv    +            (no boots)
Will    .....        q - amulet of reflection
Stlth   +            n - ring of see invisible
HPRegen 0.33/turn    g - +6 ring of strength
MPRegen 0.11/turn

%: reflection
@: about to teleport
A: horns 2, retaliatory headbutt
a: Renounce Religion


You were on level 8 of the Dungeon.
You worshipped Okawaru.
Okawaru was noncommittal.
You visited 2 branches of the dungeon, and saw 9 of its levels.

You collected 239 gold pieces.


Innate Abilities, Weirdness & Mutations

You have a pair of horns on your head.
You reflexively headbutt those who attack you in melee.


   Skills:
 + Level 7.5 Fighting
 - Level 12.0 Ranged Weapons
 - Level 3.0 Armour
 - Level 5.0 Dodging
 - Level 0.7 Stealth


You had 8 spell levels left.
You didn't know any spells.
Your spell library was empty.

Inventory:

Hand Weapons
 d - a +2 heavy shortbow (weapon)
Armour
 c - a +0 cloak (worn)
 k - a +0 ring mail (worn)
 o - a +1 pair of gloves (worn)
Jewellery
 g - a +6 ring of strength (right hand)
 n - a ring of see invisible (left hand)
 q - an amulet of reflection (around neck)
Scrolls
 m - 2 scrolls of identify
Potions
 b - a potion of haste
 e - 8 potions of curing
 f - a potion of might
 h - a potion of magic {unknown}
 i - a potion of mutation {unknown}
 j - a potion of resistance {unknown}
 p - a potion of ambrosia {unknown}

Dungeon Overview and Level Annotations

Branches:
Dungeon (8/15)             Temple (1/1) D:7
   Lair: D:8-11

Altars:
Ashenzari
Cheibriados
Dithmenos
Elyvilon
Fedhas
Gozag
Hepliaklqana
Kikubaaqudgha
Makhleb
Nemelex Xobeh
Okawaru
Qazlal
Ru
Sif Muna
Trog
Uskayaw
Vehumet
Wu Jian
Xom
Zin
The Shining One


Message History

A two-headed ogre comes into view.
It is wielding a +0 giant spiked club and a +0 giant club.
You shoot an arrow.
The arrow completely misses the bullfrog.
The two-headed ogre shouts in stereo!
The bullfrog hits you.
You shoot an arrow. The arrow hits the bullfrog!
The bullfrog is almost dead.
The bullfrog completely misses you. x2
You shoot an arrow. The arrow hits the bullfrog!!
You kill the bullfrog!
Okawaru accepts your kill. The yak gores you!
You shoot an arrow. The arrow hits the yak!!
The yak is almost dead.
You block the yak's attack.
You shoot an arrow. The arrow barely misses the yak.
The yak barely misses you. You furiously retaliate!
You headbutt the yak. The yak gores you! The yak gores you but does no damage.
The yak gores you!
You shoot an arrow. The arrow hits the yak.
The yak is almost dead.
The yak gores you! The two-headed ogre closely misses you.
The two-headed ogre misses you.
You shoot an arrow. The arrow completely misses the yak.
You block the yak's attack. The yak closely misses you.
You furiously retaliate!
You headbutt the yak!
You kill the yak!
Okawaru accepts your kill. The two-headed ogre misses you.
The two-headed ogre hits you with a +0 giant club!!
Your Ranged Weapons skill increases to level 12!
6737 ||| READING scroll of teleportation.
As you read the scroll of teleportation, it crumbles to dust.
You feel strangely unstable. The yak closely misses you. The yak gores you!
You shoot an arrow.
The arrow hits the yak but does no damage.
The yak is lightly wounded.
The yak misses you. The two-headed ogre closely misses you.
The two-headed ogre barely misses you. The yak gores you!
You die...

########## . #........#
.. #........#
...#####......).########
................))......
####...Y......).########
......Y@........'.......
####..O.........####'###
#......########....#
#......# #....##
######## #...... #....[.
#...... #...... #....#.


You could see a two-headed ogre and 2 yaks.

Vanquished Creatures
  A wyvern (D:7)
  Sigmund (D:2)
  A yak (D:8)
  3 ice beasts
  An orc warrior (D:8)
  2 black bears
  An ogre (D:6)
  A centaur (D:5)
  2 kobold brigands
  3 bullfrogs
  A scorpion (D:5)
  8 wights
  A howler monkey (D:4)
  An electric eel (D:8)
  A gnoll bouda (D:8)
  3 sleepcaps
  3 iguanas
  7 orc wizards
  10 gnolls
  5 adders
  A shadow imp (D:6)
  A white imp (D:5)
  2 ufetubi (D:7)
  6 worms
  2 dart slugs (D:1)
  20 orcs
  6 bats
  9 endoplasms
  3 giant cockroaches
  3 goblins
  8 hobgoblins
  2 quokkas (D:1)
  9 ball pythons
  8 frilled lizards
  15 kobolds
  5 rats
156 creatures vanquished.

Notes
Turn   | Place    | Note
-------+----------+-------------------------------------------
     0 | D:1      | qw the Minotaur Hunter began the quest for the Orb.
     0 | D:1      | Reached XP level 1. HP: 18/18 MP: 0/0
     0 | D:1      | 0 ||| qw: Version: 0.2-a-122-gbc61b45
     0 | D:1      | 0 ||| qw: Game counter: 3567
     0 | D:1      | 0 ||| qw: Always use a shield: true
     0 | D:1      | 0 ||| qw: God list: Okawaru
     0 | D:1      | 0 ||| qw: Allow faded altars: false
     0 | D:1      | 0 ||| qw: Do Orc after D:15 true
     0 | D:1      | 0 ||| qw: Do second Lair branch before Depths: true
     0 | D:1      | 0 ||| qw: Lair rune preference: random
     0 | D:1      | 0 ||| qw: Plans: Normal
     0 | D:1      | 0 ||| PLANNING D:1-11
   260 | D:1      | Reached XP level 2. HP: 7/25 MP: 1/1
   370 | D:1      | 370 ||| FLEEEEING.
   376 | D:1      | 376 ||| FLEEEEING.
   377 | D:1      | 377 ||| FLEEEEING.
   387 | D:1      | Reached skill level 5 in Ranged Weapons
   734 | D:1      | Reached skill level 3 in Fighting
   866 | D:1      | Reached XP level 3. HP: 31/31 MP: 2/2
   945 | D:1      | 945 ||| UPGRADING to +0 ring mail.
   955 | D:1      | 955 ||| DROPPING +0 leather armour.
   956 | D:1      | 956 ||| READING scroll labelled BEZ NALOCS.
   957 | D:1      | 957 ||| READING scroll labelled LAVVERPH MEEF.
   960 | D:1      | 960 ||| READING scroll labelled FARUAGHU MUHU.
   961 | D:1      | 961 ||| READING scroll labelled DARYES RAQAFA.
   962 | D:1      | 962 ||| DRINKING 4 cyan potions.
   963 | D:1      | 963 ||| DROPPING scroll of butterflies.
  1104 | D:2      | Reached skill level 1 in Armour
  1163 | D:2      | Noticed Sigmund
  1165 | D:2      | 1165 ||| FLEEEEING.
  1171 | D:2      | 1171 ||| Stepping ~*~*~tactically~*~*~ (water).
  1179 | D:2      | Killed Sigmund
  1180 | D:2      | Reached skill level 7 in Ranged Weapons
  1180 | D:2      | Reached XP level 4. HP: 17/38 MP: 3/3
  1180 | D:2      | Reached XP level 5. HP: 21/45 MP: 4/4
  1622 | D:2      | Identified the +7 glaive of the Establishment {speed, rPois
                  | rC+ Int+3 Stlth-}
  1846 | D:2      | 1846 ||| UPGRADING to +0 cloak.
  1851 | D:2      | 1851 ||| DRINKING 2 sedimented white potions.
  1852 | D:2      | 1852 ||| DROPPING potion of enlightenment.
  2304 | D:3      | You fall into a shaft and drop 3 floors!
  2319 | D:6      | Reached XP level 6. HP: 52/52 MP: 5/5
  2363 | D:6      | 2363 ||| Stepping ~*~*~tactically~*~*~ (outnumbered).
  2365 | D:6      | 2365 ||| Stepping ~*~*~tactically~*~*~ (outnumbered).
  2493 | D:6      | 2493 ||| DROPPING ring of magical power.
  2494 | D:6      | 2494 ||| READING scroll labelled QEMEEP XEMAOS.
  2495 | D:6      | 2495 ||| READING scroll labelled KAISUAQOIC.
  2496 | D:6      | 2496 ||| READING scroll labelled POIRUS YQIGE.
  2497 | D:6      | 2497 ||| READING 2 scrolls labelled LILY YDEMUFULIO.
  2498 | D:6      | 2498 ||| DRINKING 2 fizzy brown potions.
  2499 | D:6      | 2499 ||| DROPPING potion of brilliance.
  2500 | D:6      | 2500 ||| DROPPING scroll of amnesia.
  2504 | D:5      | Entered Level 5 of the Dungeon
  3070 | D:4      | 3070 ||| READING scroll of enchant weapon.
  3070 | D:4      | 3070 ||| ENCHANTING +1 heavy shortbow.
  3110 | D:4      | Reached skill level 8 in Ranged Weapons
  3119 | D:4      | Found a shimmering blue altar of Sif Muna.
  3119 | D:4      | Found a glowing golden altar of the Shining One.
  3152 | D:4      | Found a white marble altar of Elyvilon.
  3156 | D:4      | Found a sparkling altar of Nemelex Xobeh.
  3601 | D:4      | Reached XP level 7. HP: 61/61 MP: 6/6
  3619 | D:4      | 3619 ||| UPGRADING to amulet of guardian spirit.
  3624 | D:4      | 3624 ||| UPGRADING to ring of see invisible.
  3625 | D:4      | 3625 ||| READING 2 scrolls labelled CYETWU DUIKUTS.
  3626 | D:4      | 3626 ||| READING scroll labelled YTEOGHU YNARO.
  3727 | D:4      | 3727 ||| DRINKING 2 puce potions.
  3728 | D:4      | 3728 ||| DRINKING 2 fizzy black potions.
  3770 | D:4      | 3770 ||| READING 4 scrolls of identify.
  3770 | D:4      | 3770 ||| IDENTIFYING fizzy emerald potion
  3771 | D:4      | 3771 ||| READING 3 scrolls of identify.
  3771 | D:4      | 3771 ||| IDENTIFYING bubbling ruby potion
  3772 | D:4      | 3772 ||| READING 2 scrolls of identify.
  3772 | D:4      | 3772 ||| IDENTIFYING amethyst potion
  3773 | D:4      | 3773 ||| DROPPING potion of invisibility.
  3774 | D:4      | 3774 ||| DROPPING potion of degeneration.
  3775 | D:4      | 3775 ||| DROPPING potion of lignification.
  3776 | D:4      | 3776 ||| DROPPING scroll of fear.
  3854 | D:5      | 3854 ||| FLEEEEING.
  3958 | D:5      | Reached skill level 9 in Ranged Weapons
  4046 | D:5      | Reached skill level 3 in Dodging
  4361 | D:5      | Reached skill level 6 in Fighting
  4363 | D:5      | Reached XP level 8. HP: 70/70 MP: 7/7
  4495 | D:5      | 4495 ||| UPGRADING to +6 ring of strength.
  4496 | D:5      | 4496 ||| READING scroll labelled UTIMOH GESINN.
  4912 | D:6      | Reached skill level 10 in Ranged Weapons
  5160 | D:6      | 5160 ||| READING 2 scrolls of identify.
  5160 | D:6      | 5160 ||| IDENTIFYING fuming blue potion
  5360 | D:7      | 5360 ||| Stepping ~*~*~tactically~*~*~ (outnumbered).
  5362 | D:7      | 5362 ||| Stepping ~*~*~tactically~*~*~ (outnumbered).
  5459 | D:7      | 5459 ||| FLEEEEING.
  5460 | D:7      | 5460 ||| FLEEEEING.
  5465 | D:7      | 5465 ||| FLEEEEING.
  5466 | D:7      | 5466 ||| FLEEEEING.
  5471 | D:7      | 5471 ||| FLEEEEING.
  5472 | D:7      | 5472 ||| FLEEEEING.
  5473 | D:7      | 5473 ||| FLEEEEING.
  5481 | D:7      | 5481 ||| FLEEEEING.
  5482 | D:7      | 5482 ||| FLEEEEING.
  5483 | D:7      | 5483 ||| FLEEEEING.
  5484 | D:7      | 5484 ||| FLEEEEING.
  5485 | D:7      | 5485 ||| FLEEEEING.
  5486 | D:7      | 5486 ||| FLEEEEING.
  5688 | D:7      | HP: 14/70 [wight/+3 trident (10)]
  5689 | D:7      | 5689 ||| READING scroll of teleportation.
  5690 | D:7      | 5690 ||| DRINKING potion of heal wounds.
  5863 | D:7      | Reached skill level 11 in Ranged Weapons
  5942 | D:7      | Reached skill level 3 in Armour
  5942 | D:7      | Reached XP level 9. HP: 76/79 MP: 8/8
  5962 | D:7      | Found a staircase to the Ecumenical Temple.
  5963 | D:7      | 5963 ||| PLANNING TEMPLE
  5963 | D:7      | 5963 ||| UPGRADING to +0 pair of gloves.
  5968 | D:7      | 5968 ||| UPGRADING to amulet of reflection.
  5978 | D:7      | 5978 ||| DROPPING amulet of guardian spirit.
  5979 | D:7      | 5979 ||| DROPPING amulet of regeneration.
  5988 | Temple   | Entered the Ecumenical Temple
  5988 | Temple   | Found a transporter.
  5988 | Temple   | Found a transporter.
  5990 | Temple   | Found a transporter.
  5990 | Temple   | Found a transporter.
  6000 | Temple   | 6000 ||| PLANNING D:1-11
  6003 | Temple   | 6003 ||| PLANNING OKAWARU WORSHIP
  6007 | Temple   | Became a worshipper of Warmaster Okawaru
  6007 | Temple   | 6007 ||| PLANNING D:1-11
  6237 | D:8      | 6237 ||| READING scroll of enchant armour.
  6237 | D:8      | 6237 ||| ENCHANTING +0 pair of gloves.
  6447 | D:8      | 6447 ||| Stepping ~*~*~tactically~*~*~ (outnumbered).
  6451 | D:8      | 6451 ||| FLEEEEING.
  6452 | D:8      | 6452 ||| FLEEEEING.
  6453 | D:8      | 6453 ||| FLEEEEING.
  6454 | D:8      | 6454 ||| Stepping ~*~*~tactically~*~*~ (outnumbered).
  6456 | D:8      | 6456 ||| Stepping ~*~*~tactically~*~*~ (outnumbered).
  6512 | D:8      | 6512 ||| FLEEEEING.
  6729 | D:8      | Noticed a two-headed ogre
  6736 | D:8      | HP: 19/79 [two-headed ogre/+0 giant spiked club (25)]
  6737 | D:8      | Reached skill level 12 in Ranged Weapons
  6737 | D:8      | 6737 ||| READING scroll of teleportation.
  6737 | D:8      | HP: 8/79 [yak (11)]
  6738 | D:8      | Slain by a yak

Levels and vault maps discovered:
D:1:      lightli_arrival_maybe_door_vault, layout_loops_corners,
          chequers_serial_rivers_room_b, minmay_hexomino_c4
D:2:      wander_river, layout_basic, uniq_sigmund
D:3:      layout_basic
D:4:      layout_basic, grunt_temple_overflow_open, minmay_divided_ellipse
D:5:      layout_rooms, serial_bayou_pond_d
D:6:      layout_basic
D:7:      layout_loops_ring, temple_hall
D:8:      layout_basic, kennysheep_doodads
Temple:   hellmonk_temple_divided_pantheon

Skill      XL: |  1  2  3  4  5  6  7  8  9 |
---------------+----------------------------+-----
Ranged Weapons | 5 7 8 9 11 12 | 12.0
Fighting       | 3 4 5 6 7 |  7.5
Armour         | 1 2 3 |  3.0
Dodging        | 3 4 5 |  5.0
Stealth        | |  0.7

Action                     |  1- 3 |  4- 6 |  7- 9 || total
---------------------------+-------+-------+-------++-------
   Fire: Shortbow          |    92 |    78 |   215 ||   385
    Use: Scroll            |     4 |     5 |    10 ||    19
         Potion            |     1 |     2 |     3 ||     6
 Armour: Leather armour    |     5 |       |       ||     5
         Ring mail         |       |     6 |    35 ||    41
  Dodge: Dodged            |    24 |    14 |    81 ||   119
  Block: Other             |       |       |     6 ||     6

Table legend:
 A = Non-vault XP
 B = Vault XP
 C = Vault XP percentage of total XP
 D = Non-vault monster count
 E = Vault monster count
 F = Vault count percentage of total count
                 A         B        C        D         E       F
            +---------+---------+-------+---------+---------+-------
      Total |    3423 |     451 |  11.6 |     135 |      21 |  13.5
            +---------+---------+-------+---------+---------+-------
        D:1 |      38 |      10 |  20.8 |      21 |       7 |  25.0
        D:2 |      69 |     226 |  76.6 |      17 |       1 |   5.6
        D:3 |      33 |       0 |   0.0 |      12 |       0 |   0.0
        D:4 |      31 |     215 |  87.4 |       6 |      13 |  68.4
        D:5 |     834 |       0 |   0.0 |      15 |       0 |   0.0
        D:6 |     560 |       0 |   0.0 |      14 |       0 |   0.0
        D:7 |     881 |       0 |   0.0 |      22 |       0 |   0.0
        D:8 |     977 |       0 |   0.0 |      28 |       0 |   0.0
            +---------+---------+-------+---------+---------+-------
